 Dungeon Crawl Stone Soup version 0.30.0-29-ga12c61a403 (webtiles) character file.

Game seed: 4635935644753971210

17871 qw the Cleaver (level 12, -1/76 HPs)
             Began as a Gargoyle Fighter on June 3, 2023.
             Was an Elder of Okawaru.
             Slain by a six-headed hydra (5 damage)
             ... on level 2 of the Lair of Beasts.
             The game lasted 00:06:07 (10997 turns).

qw the Cleaver (Gargoyle Fighter)                  Turns: 10997, Time: 00:06:08

Health: -1/76      AC: 29    Str: 30    XL:     12   Next: 52%
Magic:  18/19      EV:  9    Int: 10    God:    Okawaru [****..]
Gold:   725        SH: 12    Dex:  9    Spells: 11/11 levels left

rFire   + . .        a - +2 hand axe (flame)
rCold   + . .        i - +0 kite shield
rNeg    + . .        m - +0 plate armour
rPois   inf          o - +1 helmet
rElec   +            f - scarf {rC+ rF+}
rCorr   .            j - +1 pair of gloves
SInv    +            (no boots)
Will    .....        (no amulet) Stlth
                     l - +6 ring of strength
HPRegen 0.32/turn    q - ring of see invisible
MPRegen 0.16/turn

%: clarity
@: about to teleport, heroic
A: sickness immunity, AC +8, negative energy resistance 1, electricity
resistance, torment resistance 1, petrification resistance, clarity
a: Renounce Religion, Heroism, Finesse


You were on level 2 of the Lair of Beasts.
You worshipped Okawaru.
Okawaru was greatly pleased with you.
You visited 2 branches of the dungeon, and saw 13 of its levels.
You also visited: Ossuary.

You collected 773 gold pieces.
You spent 48 gold pieces at shops.


Innate Abilities, Weirdness & Mutations

You are immune to sickness and miasma.
Your stone body is resilient. (AC +8)
You are immune to poison.
You resist negative energy. (rN+)
You are resistant to electric shocks. (rElec)
You are resistant to unholy torment.
You are immune to petrification.
You possess an exceptional clarity of mind.


   Skills:
 - Level 9.0(14.0) Fighting
 - Level 11.0(16.0) Axes
 - Level 4.0(9.0) Throwing
 + Level 7.0(12.0) Armour
 - Level 2.1(7.1) Dodging
 - Level 10.1(15.1) Shields
 - Level 10.0 Invocations


You had 11 spell levels left.
You didn't know any spells.
Your spell library was empty.

Inventory:

Hand Weapons
 a - a +2 hand axe of flaming (weapon)
 Y - a +3 war axe of protection
Missiles
 e - 10 javelins
 h - a silver javelin (quivered)
 k - 5 boomerangs
Armour
 f - a scarf of resistance (worn)
 i - a +0 kite shield (worn)
 j - a +1 pair of gloves (worn)
 m - a +0 plate armour (worn)
 o - a +1 helmet (worn)
Jewellery
 c - a +6 ring of dexterity
 l - a +6 ring of strength (left hand)
 q - a ring of see invisible (right hand)
Scrolls
 r - 4 scrolls of teleportation
 x - 4 scrolls of identify
Potions
 b - 5 potions of heal wounds
 d - a potion of might
 g - 2 potions of attraction
 n - 5 potions of curing
 t - a potion of mutation
 u - 4 potions of lignification
 v - 2 potions of haste
 w - a potion of resistance

Dungeon Overview and Level Annotations

Branches:
Dungeon (11/15)            Temple (0/1) D:7            Lair (2/5) D:11
    Orc (0/2) D:9         Ossuary (visited)
  Swamp: Lair:2-3    Shoals: Lair:2-3     Snake: Lair:2-3    Spider: Lair:2-3

Altars:
Fedhas
Makhleb
Nemelex Xobeh
Okawaru
Qazlal
Sif Muna
Uskayaw
Xom
Yredelemnul

Shops:
D:4 (


Message History

The flame cauterises the wound!
You hit the one-headed hydra. You burn the one-headed hydra.
The one-headed hydra is severely wounded.
You hit the eight-headed hydra but do no damage.
You block the one-headed hydra's attack.
You lop the one-headed hydra's last head off!
You kill the one-headed hydra!
Okawaru accepts your kill. Okawaru grants you throwing weapons!
Something appears at your feet!
You barely miss the eight-headed hydra.
You block the eight-headed hydra's attack.
The eight-headed hydra bites you but does no damage. x2
You block the eight-headed hydra's attack.
The eight-headed hydra bites you but does no damage.
The eight-headed hydra bites you.
The eight-headed hydra bites you but does no damage. x2
Your base Dodging skill increases to level 2!
You slice one of the eight-headed hydra's heads off!
The flame cauterises the wound!
You slash the seven-headed hydra! You burn the seven-headed hydra!
The seven-headed hydra is moderately wounded.
The seven-headed hydra bites you!
The seven-headed hydra bites you but does no damage.
The seven-headed hydra bites you!
The seven-headed hydra bites you but does no damage.
The seven-headed hydra completely misses you.
The seven-headed hydra bites you but does no damage. x2
You slice one of the seven-headed hydra's heads off!
The flame cauterises the wound!
You hit the six-headed hydra. You burn the six-headed hydra.
The six-headed hydra is moderately wounded.
You hit the komodo dragon. You burn the komodo dragon.
The komodo dragon bites you!!
10997 ||| READING 5 scrolls of teleportation.
As you read the scroll of teleportation, it crumbles to dust.
You feel strangely unstable. The six-headed hydra bites you.
The six-headed hydra bites you but does no damage.
You block the six-headed hydra's attack.
The six-headed hydra bites you! The six-headed hydra bites you.
You die... 777 7 ?.77 .. ..¤77 ...77¤¤¤7 7¤D~~~¤¤77 ¤¤~~~~~~~7 wDl~~~¤..7 77D.7 7@l77 7777¤¤7

77..¤¤¤7 77...7777
7...~~~~77
77~~~~~~~7
##77~~~~~~~~7
#####.77...~~~~~~7
###.#P..777..7777777


You could see a six-headed hydra and a komodo dragon.

Vanquished Creatures
  A hydra (Lair:2)
  2 two-headed ogres
  Urug (Lair:1)
  A skeletal warrior (D:7)
  Pikel (D:4)
  2 manticores (D:11)
  A cyclops (D:11)
  A cane toad (Lair:1)
  A kobold demonologist (D:11)
  An unseen horror (D:10)
  2 komodo dragons
  A tyrant leech (Lair:2)
  5 blink frogs (Lair:2)
  3 shadows
  3 wraiths (D:7)
  Sigmund (D:6)
  2 wyverns (D:8)
  18 yaks
  A basilisk (Lair:1)
  Grum (D:9)
  A steam dragon (D:8)
  2 swamp worms (Lair:2)
  3 water moccasins
  2 ice beasts
  6 orc warriors
  3 black bears
  A sky beast (D:6)
  2 hornet zombies (Ossuary)
  6 wolves
  5 centaurs
  A phantom (D:5)
  7 bullfrogs
  A kobold brigand (D:7)
  3 wyvern zombies (Ossuary)
  2 gnoll sergeants
  3 scorpions
  2 water moccasin zombies (Ossuary)
  16 wights
  9 killer bees
  A howler monkey (D:6)
  6 bullfrog zombies (Ossuary)
  3 centaur zombies (Ossuary)
  5 hounds
  3 orc priests
  2 sleepcaps (D:5)
  8 iguanas
  12 orc wizards
  A killer bee zombie (Ossuary)
  14 mummies (Ossuary)
  2 howler monkey zombies (Ossuary)
  Robin (D:4)
  11 gnolls
  7 adders
  5 white imps
  An ufetubus (D:6)
  4 worms
  2 dart slugs (D:1)
  37 orcs
  2 ball pythons
  5 endoplasms
  2 giant cockroaches
  13 goblins
  12 hobgoblins
  7 jackals
  10 kobolds
  A quokka (D:1)
  A bat (D:3)
  6 frilled lizards
  4 rats
312 creatures vanquished.

Notes
Turn   | Place    | Note
-------+----------+-------------------------------------------
     0 | D:1      | qw the Gargoyle Fighter began the quest for the Orb.
     0 | D:1      | Reached XP level 1. HP: 14/14 MP: 1/1
     0 | D:1      | 0 ||| qw: Version: 0.2-a-103-g5a998e5
     0 | D:1      | 0 ||| qw: Game counter: 987
     0 | D:1      | 0 ||| qw: Always use a shield: true
     0 | D:1      | 0 ||| qw: God list: Okawaru
     0 | D:1      | 0 ||| qw: Allow faded altars: false
     0 | D:1      | 0 ||| qw: Do Orc after D:15 true
     0 | D:1      | 0 ||| qw: Do second Lair branch before Depths: true
     0 | D:1      | 0 ||| qw: Lair rune preference: random
     0 | D:1      | 0 ||| qw: Plans: Normal, Zot:1-4, Slime:5, God:TSO, Crypt,
                  | Tomb, Pan, Hells, Abyss, Win
     0 | D:1      | 0 ||| PLANNING D:1-11
    53 | D:1      | Reached skill level 2 in Axes
    79 | D:1      | 79 ||| Stepping ~*~*~tactically~*~*~ (stealth).
    90 | D:1      | 90 ||| Stepping ~*~*~tactically~*~*~ (stealth).
   110 | D:1      | 110 ||| Stepping ~*~*~tactically~*~*~ (hiding).
   118 | D:1      | Reached XP level 2. HP: 19/19 MP: 2/2
   289 | D:1      | 289 ||| Stepping ~*~*~tactically~*~*~ (hiding).
   419 | D:1      | 419 ||| Stepping ~*~*~tactically~*~*~ (stealth).
   423 | D:1      | 423 ||| Stepping ~*~*~tactically~*~*~ (stealth).
   428 | D:1      | Reached skill level 3 in Axes
   431 | D:1      | Reached XP level 3. HP: 23/23 MP: 3/3
   607 | D:1      | 607 ||| UPGRADING to +0 pair of gloves.
   612 | D:1      | 612 ||| UPGRADING to +6 ring of strength.
   613 | D:1      | 613 ||| READING 2 scrolls labelled RIACOETHINOU.
   614 | D:1      | 614 ||| READING scroll of enchant armour.
   614 | D:1      | 614 ||| ENCHANTING +0 pair of gloves.
   615 | D:1      | 615 ||| READING scroll labelled SOATEL ODDIC.
   716 | D:1      | 716 ||| READING scroll labelled JILO YK IRGH.
   717 | D:1      | 717 ||| READING scroll labelled XUIRIE CESTO.
   718 | D:1      | 718 ||| READING scroll labelled SOUFFO OCITANI.
   719 | D:1      | 719 ||| READING scroll labelled REWOIKO SOGY.
   904 | D:2      | 904 ||| Stepping ~*~*~tactically~*~*~ (stealth).
  1219 | D:2      | 1219 ||| READING scroll labelled EMUMISTRAIMO.
  1220 | D:2      | 1220 ||| READING scroll labelled YGAXIEM IXIO.
  1221 | D:2      | 1221 ||| READING 2 scrolls labelled GIWKIN TESTRYRO.
  1222 | D:2      | 1222 ||| READING scroll of enchant weapon.
  1222 | D:2      | 1222 ||| ENCHANTING +1 war axe of protection.
  1223 | D:2      | 1223 ||| DRINKING 4 red potions.
  1259 | D:3      | Reached XP level 4. HP: 28/28 MP: 4/4
  1379 | D:3      | Found a sparkling altar of Nemelex Xobeh.
  1386 | D:3      | Found a stormy altar of Qazlal.
  1394 | D:3      | Found a burning altar of Makhleb.
  1402 | D:3      | Found a basalt altar of Yredelemnul.
  1407 | D:3      | Found a blossoming altar of Fedhas.
  1415 | D:3      | Found an iron altar of Okawaru.
  1416 | D:3      | 1416 ||| PLANNING OKAWARU WORSHIP
  1420 | D:3      | Became a worshipper of Warmaster Okawaru
  1420 | D:3      | 1420 ||| PLANNING D:1-11
  1426 | D:3      | Found a shimmering altar of Xom.
  1526 | D:3      | Reached skill level 4 in Axes
  1533 | D:3      | 1533 ||| DROPPING +0 club.
  1641 | D:3      | 1641 ||| FLEEEEING.
  1660 | D:3      | 1660 ||| Stepping ~*~*~tactically~*~*~ (stealth).
  1699 | D:3      | 1699 ||| DROPPING +0 whip of venom.
  1707 | D:3      | 1707 ||| Stepping ~*~*~tactically~*~*~ (hiding).
  1711 | D:3      | 1711 ||| Stepping ~*~*~tactically~*~*~ (hiding).
  1719 | D:3      | Reached XP level 5. HP: 28/32 MP: 5/5
  1794 | D:3      | Reached skill level 5 in Axes
  1809 | D:3      | Found a shimmering blue altar of Sif Muna.
  2097 | D:3      | 2097 ||| Stepping ~*~*~tactically~*~*~ (hiding).
  2098 | D:3      | 2098 ||| Stepping ~*~*~tactically~*~*~ (hiding).
  2370 | D:3      | 2370 ||| UPGRADING to +0 plate armour.
  2380 | D:3      | 2380 ||| DROPPING +0 scale mail.
  2381 | D:3      | 2381 ||| READING scroll labelled CORROL ZINISI.
  2502 | D:4      | 2502 ||| Stepping ~*~*~tactically~*~*~ (stealth).
  2513 | D:4      | Reached XP level 6. HP: 38/38 MP: 6/6
  2529 | D:4      | 2529 ||| Stepping ~*~*~tactically~*~*~ (stealth).
  2531 | D:4      | 2531 ||| Stepping ~*~*~tactically~*~*~ (stealth).
  2573 | D:4      | 2573 ||| Stepping ~*~*~tactically~*~*~ (stealth).
  2574 | D:4      | 2574 ||| Stepping ~*~*~tactically~*~*~ (stealth).
  2618 | D:4      | Noticed Robin
  2626 | D:4      | Killed Robin
  2655 | D:4      | Found Felay's Weapon Shoppe.
  2664 | D:4      | 2664 ||| BUYING +0 morningstar (48 gold).
  2664 | D:4      | Bought a +0 morningstar for 48 gold pieces
  2664 | D:4      | 2664 ||| SHOPLISTING +6 hand axe of the Past {spect, rC++
                  | Will- Int+2} (744 gold, have 64).
  2664 | D:4      | 2664 ||| DROPPING +0 flail.
  2681 | D:4      | Noticed Pikel
  2700 | D:4      | Killed Pikel
  2700 | D:4      | Reached * piety under Okawaru
  2701 | D:4      | Reached skill level 7 in Axes
  2701 | D:4      | Reached XP level 7. HP: 29/43 MP: 7/7
  2784 | D:4      | 2784 ||| Stepping ~*~*~tactically~*~*~ (stealth).
  3181 | D:4      | 3181 ||| UPGRADING to scarf of resistance.
  3186 | D:4      | 3186 ||| UPGRADING to +1 helmet.
  3191 | D:4      | 3191 ||| UPGRADING to ring of see invisible.
  3192 | D:4      | 3192 ||| DRINKING 2 metallic puce potions.
  3205 | D:5      | Entered Level 5 of the Dungeon
  3206 | D:5      | 3206 ||| PLANNING OSSUARY
  3212 | D:5      | Reached skill level 1 in Invocations
  3234 | D:5      | Reached ** piety under Okawaru
  3235 | D:5      | Reached XP level 8. HP: 48/48 MP: 7/9
  3276 | D:5      | Found a sand-covered staircase.
  3277 | D:5      | 3277 ||| READING 2 scrolls labelled KAYFFU XAACE.
  3281 | D:5      | 3281 ||| Stepping randomly (stuck).
  3282 | D:5      | 3282 ||| Stepping randomly (stuck).
  3285 | D:5      | 3285 ||| Stepping ~*~*~tactically~*~*~ (hiding).
  3299 | D:5      | 3299 ||| Stepping randomly (stuck).
  3300 | D:5      | 3300 ||| Stepping randomly (stuck).
  3301 | D:5      | 3301 ||| Stepping randomly (stuck).
  3302 | D:5      | 3302 ||| Stepping randomly (stuck).
  3303 | D:5      | 3303 ||| Stepping randomly (stuck).
  3304 | D:5      | 3304 ||| Stepping randomly (stuck).
  3384 | D:5      | Reached skill level 1 in Dodging
  3389 | Ossuary  | Entered an ossuary
  3411 | Ossuary  | Reached skill level 3 in Invocations
  3441 | Ossuary  | 3441 ||| Stepping ~*~*~tactically~*~*~ (stealth).
  3521 | Ossuary  | Reached skill level 1 in Throwing
  3523 | Ossuary  | 3523 ||| INVOKING Heroism.
  3582 | Ossuary  | 3582 ||| Stepping ~*~*~tactically~*~*~ (stealth).
  3584 | Ossuary  | 3584 ||| Stepping ~*~*~tactically~*~*~ (stealth).
  3605 | Ossuary  | 3605 ||| Stepping ~*~*~tactically~*~*~ (stealth).
  3615 | Ossuary  | 3615 ||| Stepping ~*~*~tactically~*~*~ (stealth).
  3637 | Ossuary  | Reached skill level 8 in Axes
  3663 | Ossuary  | Reached XP level 9. HP: 54/54 MP: 12/12
  3666 | Ossuary  | Reached *** piety under Okawaru
  3786 | Ossuary  | Reached skill level 6 in Fighting
  3832 | Ossuary  | 3832 ||| READING 3 scrolls labelled FOZXOG EWYTYNT.
  3833 | Ossuary  | 3833 ||| READING scroll labelled VANAMY DIUDD.
  3834 | Ossuary  | 3834 ||| READING scroll labelled WAUPRI LIWU.
  3835 | Ossuary  | 3835 ||| DRINKING 2 puce potions.
  3836 | Ossuary  | 3836 ||| DRINKING 3 grey potions.
  3837 | Ossuary  | 3837 ||| DRINKING 2 sedimented puce potions.
  3870 | Ossuary  | 3870 ||| DROPPING 2 potions of flight.
  3871 | Ossuary  | 3871 ||| DROPPING 2 scrolls of butterflies.
  3899 | D:5      | 3899 ||| PLANNING D:1-11
  4147 | D:5      | 4147 ||| Stepping ~*~*~tactically~*~*~ (hiding).
  4431 | D:5      | 4431 ||| Stepping ~*~*~tactically~*~*~ (stealth).
  4621 | D:5      | 4621 ||| DRINKING 2 fizzy purple potions.
  4622 | D:5      | 4622 ||| DRINKING 6 potions of curing.
  4622 | D:5      | 4622 ||| (to cure confusion)
  4623 | D:5      | 4623 ||| DROPPING potion of ambrosia.
  4691 | D:6      | 4691 ||| INVOKING Heroism.
  4703 | D:6      | 4703 ||| DRINKING 5 potions of curing.
  4703 | D:6      | 4703 ||| (to cure confusion)
  4705 | D:6      | Reached skill level 9 in Axes
  4730 | D:6      | Noticed Sigmund
  4731 | D:6      | 4731 ||| Stepping ~*~*~tactically~*~*~ (hiding).
  4733 | D:6      | 4733 ||| INVOKING Heroism.
  4737 | D:6      | Killed Sigmund
  4742 | D:6      | 4742 ||| Stepping ~*~*~tactically~*~*~ (stealth).
  4744 | D:6      | 4744 ||| Stepping ~*~*~tactically~*~*~ (stealth).
  4748 | D:6      | 4748 ||| Stepping ~*~*~tactically~*~*~ (stealth).
  4787 | D:6      | 4787 ||| Stepping ~*~*~tactically~*~*~ (hiding).
  4859 | D:6      | 4859 ||| Stepping ~*~*~tactically~*~*~ (stealth).
  5021 | D:6      | Reached skill level 6 in Armour
  5215 | D:6      | 5215 ||| READING scroll labelled YTIOXO TEZXIURCH.
  5216 | D:6      | 5216 ||| DRINKING 2 fuming ruby potions.
  5217 | D:6      | 5217 ||| READING 2 scrolls of identify.
  5217 | D:6      | 5217 ||| IDENTIFYING smoky green potion
  5218 | D:6      | 5218 ||| DROPPING potion of invisibility.
  5219 | D:6      | 5219 ||| DROPPING potion of degeneration.
  5260 | D:7      | 5260 ||| INVOKING Heroism.
  5262 | D:7      | Found a staircase to the Ecumenical Temple.
  5315 | D:7      | 5315 ||| INVOKING Heroism.
  5329 | D:7      | Reached XP level 10. HP: 47/63 MP: 11/13
  5386 | D:7      | 5386 ||| Stepping ~*~*~tactically~*~*~ (hiding).
  5389 | D:7      | 5389 ||| Stepping ~*~*~tactically~*~*~ (hiding).
  5391 | D:7      | 5391 ||| Stepping ~*~*~tactically~*~*~ (hiding).
  5481 | D:7      | Reached **** piety under Okawaru
  5511 | D:7      | Reached skill level 10 in Axes
  5847 | D:7      | Noticed a skeletal warrior
  5848 | D:7      | 5848 ||| INVOKING Heroism.
  5865 | D:7      | Killed a skeletal warrior
  5865 | D:7      | Received a gift from Okawaru
  5871 | D:7      | 5871 ||| INVOKING Heroism.
  5943 | D:7      | Found the +5 scythe "Finisher" {speed, execute}
  6123 | D:8      | 6123 ||| Stepping ~*~*~tactically~*~*~ (stealth).
  6135 | D:8      | 6135 ||| Stepping ~*~*~tactically~*~*~ (hiding).
  6145 | D:8      | Reached skill level 6 in Invocations
  6153 | D:8      | Received a gift from Okawaru
  6159 | D:8      | 6159 ||| INVOKING Heroism.
  6322 | D:8      | Identified the +6 long sword of the Skies Above {pain,
                  | Fragile rC+ SInv Stlth+}
  6341 | D:8      | Found a hide-covered altar of Uskayaw.
  6457 | D:8      | 6457 ||| Stepping ~*~*~tactically~*~*~ (hiding).
  6515 | D:8      | 6515 ||| Stepping ~*~*~tactically~*~*~ (stealth).
  6521 | D:8      | Reached skill level 3 in Throwing
  6529 | D:8      | 6529 ||| Stepping ~*~*~tactically~*~*~ (stealth).
  6538 | D:8      | 6538 ||| INVOKING Heroism.
  6687 | D:8      | 6687 ||| INVOKING Heroism.
  6719 | D:8      | Noticed a tengu warrior
  6724 | D:8      | 6724 ||| READING scroll of enchant weapon.
  6724 | D:8      | 6724 ||| ENCHANTING +2 war axe of protection.
  6776 | D:8      | 6776 ||| DROPPING ring of flight.
  6777 | D:8      | 6777 ||| READING scroll labelled RUAXARU YMALEP.
  6778 | D:8      | 6778 ||| READING 2 scrolls of identify.
  6778 | D:8      | 6778 ||| IDENTIFYING fuming inky potion
  6779 | D:8      | 6779 ||| DROPPING potion of berserk rage.
  6844 | D:9      | Reached XP level 11. HP: 68/68 MP: 16/16
  6882 | D:9      | Found a staircase to the Orcish Mines.
  6971 | D:9      | 6971 ||| Stepping ~*~*~tactically~*~*~ (stealth).
  6976 | D:9      | 6976 ||| INVOKING Heroism.
  7098 | D:9      | 7098 ||| DROPPING +0 morningstar.
  7105 | D:9      | 7105 ||| Stepping ~*~*~tactically~*~*~ (stealth).
  7133 | D:9      | Noticed Grum
  7134 | D:9      | 7134 ||| INVOKING Heroism.
  7143 | D:9      | Killed Grum
  7143 | D:9      | Received a gift from Okawaru
  7272 | D:9      | 7272 ||| Stepping ~*~*~tactically~*~*~ (stealth).
  7585 | D:9      | 7585 ||| Stepping ~*~*~tactically~*~*~ (hiding).
  7802 | D:9      | 7802 ||| DROPPING amulet of magic regeneration.
  7803 | D:9      | 7803 ||| DRINKING 2 orange potions.
  7803 | D:9      | Gained mutation: You do not regenerate when monsters are
                  | visible. [potion of mutation]
  7803 | D:9      | Lost mutation: You do not regenerate when monsters are
                  | visible. [potion of mutation]
  7803 | D:9      | Gained mutation: You possess an exceptional clarity of
                  | mind. [potion of mutation]
  7846 | D:10     | Entered Level 10 of the Dungeon
  7856 | D:10     | 7856 ||| INVOKING Heroism.
  7866 | D:10     | Reached skill level 9 in Invocations
  8020 | D:10     | Noticed a two-headed ogre
  8021 | D:10     | 8021 ||| INVOKING Heroism.
  8024 | D:10     | Killed a two-headed ogre
  8154 | D:10     | 8154 ||| Stepping ~*~*~tactically~*~*~ (stealth).
  8156 | D:10     | 8156 ||| Stepping ~*~*~tactically~*~*~ (hiding).
  8161 | D:10     | 8161 ||| INVOKING Heroism.
  8179 | D:10     | 8179 ||| Stepping ~*~*~tactically~*~*~ (hiding).
  8191 | D:10     | Reached skill level 11 in Axes
  8191 | D:10     | 8191 ||| Stepping ~*~*~tactically~*~*~ (hiding).
  8196 | D:10     | 8196 ||| Stepping ~*~*~tactically~*~*~ (stealth).
  8201 | D:10     | 8201 ||| Stepping ~*~*~tactically~*~*~ (hiding).
  8566 | D:10     | Reached ***** piety under Okawaru
  8729 | D:10     | 8729 ||| UPGRADING to +0 kite shield.
  8739 | D:10     | 8739 ||| DROPPING +0 buckler.
  8740 | D:10     | 8740 ||| READING 2 scrolls of identify.
  8740 | D:10     | 8740 ||| IDENTIFYING viscous inky potion
  8760 | D:11     | Noticed a cyclops
  8761 | D:11     | 8761 ||| Stepping ~*~*~tactically~*~*~ (hiding).
  8769 | D:11     | 8769 ||| INVOKING Heroism.
  8774 | D:11     | Killed a cyclops
  8878 | D:11     | 8878 ||| Stepping ~*~*~tactically~*~*~ (stealth).
  8880 | D:11     | 8880 ||| Stepping ~*~*~tactically~*~*~ (stealth).
  8883 | D:11     | 8883 ||| Stepping ~*~*~tactically~*~*~ (stealth).
  8894 | D:11     | Reached skill level 6 in Shields
  9091 | D:11     | 9091 ||| Stepping ~*~*~tactically~*~*~ (hiding).
  9093 | D:11     | 9093 ||| Stepping ~*~*~tactically~*~*~ (hiding).
  9094 | D:11     | 9094 ||| Stepping ~*~*~tactically~*~*~ (hiding).
  9095 | D:11     | 9095 ||| Stepping ~*~*~tactically~*~*~ (hiding).
  9101 | D:11     | 9101 ||| Stepping ~*~*~tactically~*~*~ (stealth).
  9203 | D:11     | 9203 ||| Stepping ~*~*~tactically~*~*~ (stealth).
  9205 | D:11     | 9205 ||| INVOKING Heroism.
  9237 | D:11     | 9237 ||| Stepping ~*~*~tactically~*~*~ (stealth).
  9248 | D:11     | Noticed a manticore
  9249 | D:11     | 9249 ||| Stepping ~*~*~tactically~*~*~ (stealth).
  9251 | D:11     | 9251 ||| Stepping ~*~*~tactically~*~*~ (stealth).
  9253 | D:11     | 9253 ||| Stepping ~*~*~tactically~*~*~ (stealth).
  9254 | D:11     | 9254 ||| Stepping ~*~*~tactically~*~*~ (stealth).
  9262 | D:11     | 9262 ||| Stepping ~*~*~tactically~*~*~ (stealth).
  9263 | D:11     | 9263 ||| Stepping ~*~*~tactically~*~*~ (stealth).
  9266 | D:11     | 9266 ||| Stepping ~*~*~tactically~*~*~ (stealth).
  9295 | D:11     | 9295 ||| INVOKING Heroism.
  9301 | D:11     | Killed a manticore
  9385 | D:11     | Noticed a two-headed ogre
  9386 | D:11     | 9386 ||| INVOKING Heroism.
  9392 | D:11     | Killed a two-headed ogre
  9393 | D:11     | Reached XP level 12. HP: 73/73 MP: 17/19
  9546 | D:11     | 9546 ||| INVOKING Heroism.
  9732 | D:11     | Found a staircase to the Lair.
  9882 | D:11     | 9882 ||| PLANNING LAIR
  9882 | D:11     | 9882 ||| READING 2 scrolls of identify.
  9882 | D:11     | 9882 ||| IDENTIFYING bubbling emerald potion
  9941 | Lair:1   | Entered Level 1 of the Lair of Beasts
  9964 | Lair:1   | Received a gift from Okawaru
  9979 | Lair:1   | Reached skill level 9 in Shields
 10029 | Lair:1   | Noticed Urug
 10030 | Lair:1   | 10030 ||| INVOKING Heroism.
 10031 | Lair:1   | 10031 ||| INVOKING Finesse.
 10047 | Lair:1   | Killed Urug
 10099 | Lair:1   | 10099 ||| Stepping ~*~*~tactically~*~*~ (stealth).
 10100 | Lair:1   | 10100 ||| Stepping ~*~*~tactically~*~*~ (stealth).
 10102 | Lair:1   | 10102 ||| Stepping ~*~*~tactically~*~*~ (hiding).
 10248 | Lair:1   | 10248 ||| INVOKING Heroism.
 10796 | Lair:1   | 10796 ||| READING scroll labelled VUNIXE EDYWABRUOS.
 10837 | Lair:2   | 10837 ||| INVOKING Heroism.
 10888 | Lair:2   | 10888 ||| Stepping ~*~*~tactically~*~*~ (hiding).
 10889 | Lair:2   | 10889 ||| Stepping ~*~*~tactically~*~*~ (hiding).
 10890 | Lair:2   | 10890 ||| Stepping ~*~*~tactically~*~*~ (hiding).
 10895 | Lair:2   | 10895 ||| INVOKING Heroism.
 10912 | Lair:2   | 10912 ||| Stepping ~*~*~tactically~*~*~ (hiding).
 10913 | Lair:2   | 10913 ||| Stepping ~*~*~tactically~*~*~ (hiding).
 10914 | Lair:2   | 10914 ||| Stepping ~*~*~tactically~*~*~ (hiding).
 10920 | Lair:2   | Reached skill level 9 in Fighting
 10982 | Lair:2   | Noticed an eight-headed hydra
 10982 | Lair:2   | Noticed a five-headed hydra
 10983 | Lair:2   | 10983 ||| Stepping ~*~*~tactically~*~*~ (stealth).
 10985 | Lair:2   | 10985 ||| Stepping ~*~*~tactically~*~*~ (hiding).
 10988 | Lair:2   | 10988 ||| INVOKING Heroism.
 10989 | Lair:2   | 10989 ||| SWAPPING to +2 hand axe of flaming.
 10994 | Lair:2   | Killed a one-headed hydra
 10994 | Lair:2   | Received a gift from Okawaru
 10996 | Lair:2   | HP: 18/76 [komodo dragon (20)]
 10997 | Lair:2   | 10997 ||| READING 5 scrolls of teleportation.
 10997 | Lair:2   | HP: 4/76 [six-headed hydra (9)]
 10997 | Lair:2   | Slain by a six-headed hydra

Levels and vault maps discovered:
D:1:      dpeg_arrival_round_a, layout_rooms
D:2:      layout_rooms, serial_bayou_pond_d
D:3:      layout_basic, lemuel_coloured_pillars_altar,
          grunt_temple_overflow_octagram, minmay_statues_item,
          supply_closet_lemuel, st_stairs_8
D:4:      layout_loops_ring, serial_shops, nicolae_shop_tiny_glass,
          minmay_door_square, chequers_serial_rivers_micro_c, uniq_robin,
          uniq_pikel
D:5:      layout_basic, enter_ossuary_1, kennysheep_small_circle
D:6:      layout_cave_pools, uniq_sigmund
D:7:      layout_cave_pools, minmay_temple_entry_offerings,
          minmay_guarded_unrand_finisher, uniq_crazy_yiuf_cottage
D:8:      layout_basic, mainiacjoe_overflow_tiny_flanked, wad_dig_loot
D:9:      layout_loops_ring, orc_0_dummy, uniq_grum
D:10:     layout_basic
D:11:     layout_basic, grunt_lair_entry_orc_guard_hut, dk_noncrumbling_3,
          minmay_fountain_box, hex_large
Lair:1:   layout_cave_pods, uniq_urug
Lair:2:   layout_loops_ring, palyth_hydra_swamp_entry,
          spider_nest_entry_funnel_web, maelrawn_ghost_gauntlet_escape,
          serial_bayou_shore_b, uniq_amaemon

Skill      XL: |  1  2  3  4  5  6  7  8  9 10 11 12 |
---------------+-------------------------------------+-----
Axes           | 2 3 4 5 7 8 9 10 11 | 11.0
Fighting       | 4 5 7 8 9 |  9.0
Invocations    | 1 4 7 10 | 10.0
Armour         | 4 6 7 |  7.0
Dodging        | 1 2 |  2.1
Throwing       | 1 2 3 4 |  4.0
Shields        | 4 5 8 10 | 10.1

Action                     |  1- 3 |  4- 6 |  7- 9 | 10-12 || total
---------------------------+-------+-------+-------+-------++-------
  Melee: War axe           |   101 |   168 |   286 |   517 ||  1072
         Hand axe          |       |       |       |     7 ||     7
  Throw: Boomerang         |       |    23 |    72 |    18 ||   113
         Javelin           |       |       |       |    52 ||    52
 Invoke: Heroism           |       |       |     5 |    20 ||    25
         Finesse           |       |       |       |     1 ||     1
    Use: Scroll            |    11 |     1 |     6 |     7 ||    25
         Potion            |     1 |       |     8 |     1 ||    10
 Armour: Scale mail        |    49 |    54 |       |       ||   103
         Plate armour      |       |    61 |   217 |   318 ||   596
  Dodge: Dodged            |    41 |    39 |    87 |   139 ||   306
  Block: Buckler           |    11 |    29 |    51 |    67 ||   158
         Kite shield       |       |       |       |    74 ||    74

Table legend:
 A = Non-vault XP
 B = Vault XP
 C = Vault XP percentage of total XP
 D = Non-vault monster count
 E = Vault monster count
 F = Vault count percentage of total count
                 A         B        C        D         E       F
            +---------+---------+-------+---------+---------+-------
      Total |   18222 |    7308 |  28.6 |     243 |      69 |  22.1
            +---------+---------+-------+---------+---------+-------
        D:1 |      39 |       0 |   0.0 |      20 |       0 |   0.0
        D:2 |      36 |       0 |   0.0 |      12 |       0 |   0.0
        D:3 |     183 |       0 |   0.0 |      28 |       0 |   0.0
        D:4 |     164 |     644 |  79.7 |      21 |      14 |  40.0
        D:5 |     583 |      39 |   6.3 |      12 |       2 |  14.3
        D:6 |     849 |     214 |  20.1 |      16 |       1 |   5.9
        D:7 |     984 |    1415 |  59.0 |      24 |       4 |  14.3
        D:8 |    2114 |     386 |  15.4 |      19 |       2 |   9.5
        D:9 |    2658 |     539 |  16.9 |      32 |       4 |  11.1
       D:10 |    3001 |       0 |   0.0 |      22 |       0 |   0.0
       D:11 |    4179 |     385 |   8.4 |      19 |       4 |  17.4
     Lair:1 |    2067 |     790 |  27.7 |      12 |       1 |   7.7
     Lair:2 |    1365 |    1462 |  51.7 |       6 |       4 |  40.0
    Ossuary |       0 |    1434 | 100.0 |       0 |      33 | 100.0
            +---------+---------+-------+---------+---------+-------
